 Dungeon Crawl Stone Soup version 0.28.0-49-g6dfe1f597d (webtiles) character file.

Game seed: 5202685586429973911

70 greasedhog the Shield-Bearer (level 4, -8/35 HPs)
             Began as a Formicid Fighter on May 15, 2022.
             Killed by nerve-wracking pain
             ... invoked by Grinder
              (9 damage)
             ... on level 3 of the Dungeon on May 17, 2022.
             The game lasted 00:03:36 (2058 turns).

greasedhog the Shield-Bearer (Formicid Fighter)     Turns: 2058, Time: 00:03:37

Health: -8/35      AC:  6    Str: 23    XL:     4   Next: 45%
Magic:  4/4        EV:  9    Int:  9    God:
Gold:   73         SH:  4    Dex: 10    Spells: 3/3 levels left

rFire   . . .      SeeInvis +   a - +0 flail
rCold   . . .      Faith    .   c - +0 buckler
rNeg    . . .      Spirit   .   b - +0 scale mail
rPois   .          Reflect  .   (helmet unavailable)
rElec   +          Harm     .   (no cloak)
rCorr   .          Rampage  .   (no gloves)
Will    .....                   (no boots)
Stlth   ..........              (no amulet)
HPRegen 0.11/turn               (no ring)
MPRegen 0.09/turn               (no ring)

@: no status effects
A: permanent stasis, dig shafts and tunnels, antennae 3, four strong arms,
clever 1, high MP 1, electricity resistance
a: Dig, Shaft Self


You were on level 3 of the Dungeon.
You visited 1 branch of the dungeon, and saw 3 of its levels.

You collected 73 gold pieces.

Inventory:

Hand Weapons
 a - a +0 flail (weapon)
Armour
 b - a +0 scale mail (worn)
 c - a +0 buckler (worn)
Scrolls
 f - a scroll of enchant weapon
 h - a scroll of teleportation {unknown}
Potions
 d - a potion of might
 e - a potion of curing {unknown}


   Skills:
 - Level 3.2 Fighting
 * Level 3.7 Maces & Flails
 - Level 3.2 Armour
 * Level 4.5 Shields


You had 3 spell levels left.
You didn't know any spells.
Your spell library was empty.

Dungeon Overview and Level Annotations

Branches:
Dungeon (3/15)

Altars:

Annotations:
D:2 Sigmund
D:3 Grinder


Innate Abilities, Weirdness & Mutations

You cannot be hasted, slowed, berserked, paralysed or teleported.
You can dig through walls and to a lower floor.
You have a pair of large antennae on your head. (SInv)
Your four strong arms can wield two-handed weapons with a shield.
Your mind is acute. (Int +2)
You have an increased reservoir of magic. (+10% MP)
You are resistant to electric shocks. (rElec)


Message History

Grinder hits you.
You writhe in agony.
Grinder gestures at you.
You barely resist. You sock Grinder!
Grinder is severely wounded.
Grinder closely misses you.
You hit Grinder.
Grinder is severely wounded.
Grinder hits you.
You hit Grinder but do no damage.
Grinder is severely wounded.
Grinder blinks!
You start resting.
Grinder is nearby!
Grinder says, "Make like a tree!"
Grinder hits you but does no damage.
You barely miss Grinder.
Grinder is severely wounded.
You block Grinder's attack. Grinder hits you.
You hit Grinder.
Grinder is almost dead.
Grinder says, "Wait up."
Grinder barely misses you.
You barely miss Grinder.
Grinder is almost dead.
Grinder hits you!
* * * LOW HITPOINT WARNING * * *
You writhe in agony.
* * * LOW HITPOINT WARNING * * *
You barely miss Grinder.
Grinder is almost dead.
Grinder gestures at you. Pain shoots through your body!
* * * LOW HITPOINT WARNING * * *
You completely miss Grinder.
Grinder is almost dead.
Grinder barely misses you. Grinder gestures at you.
Pain shoots through your body!
You die...

. ♣.#####
.♣.....###
.♣....... ##
......#
#...♣♣♣♣♣♣♣.....#
###
#.......5.......#
...
#.#####@#.......#
##.
........#.......#
############..###
#..# #..# ####..#
#.#####{#...#
#.........#.#####
########.#........


You could see Grinder.

Vanquished Creatures
  A gnoll (D:3)
  An adder (D:2)
  2 dart slugs (D:1)
  An orc (D:2)
  3 ball pythons
  4 endoplasms (D:1)
  A giant cockroach (D:1)
  A hobgoblin (D:1)
  2 jackals (D:1)
  2 quokkas
  7 bats
  5 frilled lizards
  5 goblins
  4 kobolds
  7 rats
46 creatures vanquished.

Notes
Turn   | Place    | Note
-------+----------+-------------------------------------------
     0 | D:1      | greasedhog the Formicid Fighter began the quest for the
                  | Orb.
     0 | D:1      | Reached XP level 1. HP: 18/18 MP: 1/1
    64 | D:1      | Reached XP level 2. HP: 20/24 MP: 2/2
    65 | D:1      | Reached skill level 4 in Shields
   507 | D:1      | Reached XP level 3. HP: 21/29 MP: 3/3
  1089 | D:2      | Reached XP level 4. HP: 32/35 MP: 4/4
  1409 | D:2      | Gained mutation: Your mind is acute. (Int +2) [potion of
                  | mutation]
  1409 | D:2      | Gained mutation: You have an increased reservoir of magic.
                  | (+10% MP) [potion of mutation]
  1409 | D:2      | Gained mutation: You are resistant to electric shocks.
                  | (rElec) [potion of mutation]
  1414 | D:2      | Noticed Sigmund
  1443 | D:2      | You fall into a shaft and drop 1 floor!
  1448 | D:3      | HP: 1/35 [poisoned by an adder]
  2037 | D:3      | Noticed Grinder
  2057 | D:3      | HP: 1/35 [Grinder/nerve-wracking pain (7)]
  2058 | D:3      | Killed from afar by Grinder

Illustrated notes

Levels and vault maps discovered:
D:1:      dpeg_arrival_concentric_ovals, layout_basic, st_stairs_6,
          minmay_pentomino_s2
D:2:      layout_loops_ring, uniq_sigmund
D:3:      layout_loops_ring, mainiacjoe_overflow_cross_hatched, minmay_vboxes,
          uniq_crazy_yiuf_cottage, uniq_grinder, uniq_natasha

Skill      XL: |  1  2  3 |
---------------+----------+-----
Shields        | 4 |  4.5
Maces & Flails | 3 |  3.7
Fighting       | |  3.2
Armour         | |  3.2

Action                   |  1- 3 |  4- 6 || total
-------------------------+-------+-------++-------
Melee: Flail             |   105 |    43 ||   148
 Abil: Shaft Self        |       |     1 ||     1
  Use: Scroll            |     2 |     1 ||     3
       Potion            |       |     1 ||     1
Armor: Scale mail        |    64 |    20 ||    84
Dodge: Dodged            |    51 |    27 ||    78
Block: Buckler           |    27 |    10 ||    37
